[Event "Late-Titled-Tuesday-Blitz-June-18-2024"]
[Site "Chess.com"]
[Date "2024.06.18"]
[Round "4"]
[White "Gyulamiryan-koryun"]
[Black "jamengrand"]
[Result "0-1"]
[WhiteElo "1663"]
[BlackElo "2297"]
[TimeControl "180+1"]
[EndTime "14:40:41 PDT"]
[Termination "jamengrand won on time"]

1. e4 e5 2. Nf3 Nc6 3. Bc4 Nf6 4. d4 exd4 5. e5 Ne4 6. Bd5 Nc5 7. Bxc6 dxc6 8.
Qxd4 Bf5 9. Qxd8+ Rxd8 10. Na3 Na4 11. Bg5 Rd7 12. Bc1 Bb4+ 13. c3 Nxc3 14. O-O Ne2+ 15. Kh1 Nxc1 16. Raxc1 Bxa3 17. bxa3 Ke7 18. Nh4 Be6 19.
Rc2 Rhd8 20. f4 Rd2 21. Rxd2 Rxd2 22. f5 Bc4 23. Re1 Rxa2 24. f6+ gxf6 25. Nf5+ Ke6 26. Nd4+ Kd5 27. Nf3 fxe5 28. Rxe5+ Kd6 29. Re1 Bd5 30. Nh4 c5 31. Nf5+ Kc6 32. Ne7+ Kd6 33. Nf5+ Kd7 34. Ne3 Be6 35. Rd1+ Kc6 0-1

[Event "Late-Titled-Tuesday-Blitz-June-18-2024"]
[Site "Chess.com"]
[Date "2024.06.18"]
[Round "4"]
[White "sergiochess83"]
[Black "hoshiboshi"]
[Result "1-0"]
[WhiteElo "2862"]
[BlackElo "2236"]
[TimeControl "180+1"]
[EndTime "14:40:42 PDT"]
[Termination "sergiochess83 won on time"]

1. d4 Nf6 2. c4 e6 3. g3 d5 4.
Bg2 dxc4 5. Nf3 Nbd7 6. O-O c6 7. a4 b6 8. Nfd2 Ba6 9. Bxc6 Rc8 10. Bb5 Bb7 11. Nc3 h5 12. e4 h4 13. Qe2 Bb4 14. g4 h3 15. g5 a6 16. Bxc4 Bxc3 17.
bxc3 Rxc4 18. Nxc4 Nxe4 19. f3 Nxc3 20. Qd3 Nd5 21.
Nd6+ Kf8 22. Nxb7 Qc7 23. Ba3+ Kg8 24. Nd6 1-0

[Event "Late-Titled-Tuesday-Blitz-June-18-2024"]
[Site "Chess.com"]
[Date "2024.06.18"]
[Round "4"]
[White "Manukyan_Artak"]
[Black "divudis17"]
[Result "1-0"]
[WhiteElo "2508"]
[BlackElo "2338"]
[TimeControl "180+1"]
[EndTime "14:40:42 PDT"]
[Termination "Manukyan_Artak won by resignation"]

1. e4 c5 2. Nf3 d6 3. Bb5+ Bd7 4. Bxd7+ Qxd7 5. c4 Nf6 6. Nc3 Nc6 7. d4 cxd4 8. Nxd4 g6 9. f3 Bg7 10. Be3 O-O 11.
O-O Nxd4 12. Bxd4 Rfc8 13. b3 Qc6 14. a4 e6 15. Rc1 Nd7 16. Bxg7 Kxg7 17. Qd4+ Kg8 18.
Rfd1 Nc5 19. Rb1 Rd8 20. h4 h5 21. Nb5 e5 22. Qe3 Kg7 23. Rd2 a6 24. Nc3 Ne6 25. Nd5 Nc7 26. Nb6 Rab8 27. a5 Ne6 28. Nd5 f6 29. Rbd1 Rd7 30. Nb6 Rdd8 31. b4 Nd4 32.
Rxd4 exd4 33. Qxd4 Kf7 34. Nd5 Qe8 35. Qxf6+ Kg8 36.
Qg5 Qf7 37. Nf6+ Kh8 38. Qh6+ 1-0

[Event "Late-Titled-Tuesday-Blitz-June-18-2024"]
[Site "Chess.com"]
[Date "2024.06.18"]
[Round "4"]
[White "campochess"]
[Black "kalinchick"]
[Result "0-1"]
[WhiteElo "2185"]
[BlackElo "2376"]
[TimeControl "180+1"]
[EndTime "14:40:42 PDT"]
[Termination "kalinchick won by resignation"]

1. Nf3 e6 2. b3 d5 3. Bb2 Nf6 4.
e3 Be7 5. c4 O-O 6. d4 b6 7.
cxd5 exd5 8. Nc3 Bb7 9. Ne5 Nbd7 10. f4 Ne4 11. Nxe4 dxe4 12. Nxd7 Qxd7 13. Be2 Bb4+ 14.
Kf2 Bd6 15. Rc1 Qe7 16. g3 Rad8 17. Bc3 Bc8 18. a4 Be6 19. Bg4 Qd7 20. Bxe6 Qxe6 21. a5 Qg6 22. axb6 axb6 23. Ra1 Ra8 24. Qe2 h5 25.
Rxa8 Rxa8 26. Ra1 Rxa1 27. Bxa1 h4 28. Bc3 h3 29. d5 Qf5 30. Qc4 f6 31. b4 Kf7 32. Bd4 Qg4 33. Qe2 Qxe2+ 34. Kxe2 Bxb4 35. g4 g5 36. fxg5 fxg5 37. Be5 Bd6 38. Bxd6 cxd6 39. Kd2 Kf6 40. Kc3 Ke5 41. Kc4 b5+ 42. Kxb5 Kxd5 43. Kb4 Kc6 44. Kc4 d5+ 45. Kd4 Kd6 46. Kc3 Kc5 47.
Kb3 d4 48. exd4+ Kxd4 49. Kc2 Ke3 50. Kd1 Kf2 0-1

[Event "Late-Titled-Tuesday-Blitz-June-18-2024"]
[Site "Chess.com"]
[Date "2024.06.18"]
[Round "4"]
[White "Rainbow2014"]
[Black "The_Sherman_Variation"]
[Result "1-0"]
[WhiteElo "2500"]
[BlackElo "2643"]
[TimeControl "180+1"]
[EndTime "14:40:43 PDT"]
[Termination "Rainbow2014 won by resignation"]

1. e4 b6 2. d4 g6 3. Nf3 Bb7 4. Bd3 Bg7 5. O-O d6 6. c4 e6 7. Nc3 Nd7 8. Bg5 Ne7 9. Qd2 a6 10. a4 O-O 11. Bh6 c5 12. Bxg7 Kxg7 13. Rad1 cxd4 14. Nxd4 Nc5 15. b4 Nxd3 16. Qxd3 Rc8 17. Nb3 d5 18. exd5 exd5 19. c5 Qc7 20. Rfe1 Kg8 21. cxb6 Qc6 22. Rxe7 d4 23. Ne4 Rfd8 24. Nbc5 Ba8 25. b7 Bxb7 26. Rxb7 Re8 27. Qxd4 Red8 28. Rd7 Rxd7 29. Qxd7 Qa8 30. h4 Re8 31. Nf6+ 1-0

[Event "Late-Titled-Tuesday-Blitz-June-18-2024"]
[Site "Chess.com"]
[Date "2024.06.18"]
[Round "4"]
[White "Dr_troll"]
[Black "unbreakablepawn35"]
[Result "1-0"]
[WhiteElo "2654"]
[BlackElo "2447"]
[TimeControl "180+1"]
[EndTime "14:40:49 PDT"]
[Termination "Dr_troll won by resignation"]

1. c4 Nf6 2. Nc3 g6 3. g3 Bg7 4. Bg2 O-O 5. Nf3 d6 6. O-O Nbd7 7. d4 e5 8. h3 c6 9. e4 Qc7 10. Be3 Re8 11. Qc2 b6 12. Rfd1 exd4 13. Nxd4 Bb7 14.
Rac1 Ne5 15. b3 a6 16. f4 Ned7 17. Kh2 Rad8 18. Re1 Re7 19. g4 Rde8 20. Nde2 Nc5 21. Ng3 a5 22. Rcd1 d5 23. e5 Nfe4 24. Ncxe4 Nxe4 25. Nxe4 dxe4 26. Qxe4 f6 27. Bf2 fxe5 28. f5 gxf5 29. gxf5 Bf6 30. Bf3 Qc8 31. Rd6 c5 32. Qe3 Bxf3 33. Rxf6 e4 34. Rg1+ Rg7 35. Rxg7+ Kxg7 36. Qg5+ Kh8 37. Rf7 Qb8+ 38. Bg3 1-0

[Event "Late-Titled-Tuesday-Blitz-June-18-2024"]
[Site "Chess.com"]
[Date "2024.06.18"]
[Round "4"]
[White "amylazy"]
[Black "tortorchess"]
[Result "1-0"]
[WhiteElo "2465"]
[BlackElo "2214"]
[TimeControl "180+1"]
[EndTime "14:40:49 PDT"]
[Termination "amylazy won by checkmate"]

1. d4 d5 2. c4 c6 3. Nf3 Nf6 4. Qc2 e6 5. g3 Be7 6. Bg2 O-O 7. O-O Nbd7 8. Bf4 b6 9. Rd1 Bb7 10. Ne5 Rc8 11. Nc3 h6 12. e4 dxe4 13. Nxe4 Nxe4 14. Qxe4 Nf6 15. Qe2 Ba8 16. Rac1 Qe8 17. c5 Nd5 18. Bd2 Bf6 19. Qe4 Qe7 20. Ng4 Bg5 21. f4 f5 22. Qe2 Bxf4 23. Bxd5 cxd5 24. Bxf4 fxg4 25. Bd6 Qf6 26. Bxf8 Rxf8 27. c6 Rc8 28. c7 Bb7 29. Qxg4 Qe7 30. Re1 Rxc7 31. Rxc7 Qxc7 32. Qxe6+ Kh8 33. Qg6 Bc6 34. Rc1 Qe7 35. Qd3 Bd7 36. Qd2 Bf5 37. Qf2 Bg6 38. Re1 Qd7 39. Qf8+ Kh7 40.
Re7 Qg4 41. Qxg7# 1-0

[Event "Late-Titled-Tuesday-Blitz-June-18-2024"]
[Site "Chess.com"]
[Date "2024.06.18"]
[Round "4"]
[White "TigrVShlyape"]
[Black "GoltsevDmitry2000"]
[Result "1-0"]
[WhiteElo "3002"]
[BlackElo "2715"]
[TimeControl "180+1"]
[EndTime "14:40:50 PDT"]
[Termination "TigrVShlyape won by checkmate"]

1. e4 e6 2. d4 d5 3. Nc3 c5 4. exd5 exd5 5. Nf3 Nf6 6. Bb5+ Nc6 7. O-O Be7 8. dxc5 Bxc5 9. Re1+ Be6 10. Be3 Bxe3 11.
Rxe3 O-O 12. Bxc6 bxc6 13. Qd4 Rb8 14. b3 Qb6 15. Na4 Qa5 16. Qc3 Qc7 17. Nc5 Rbe8 18.
Rae1 Qd6 19. h3 Bf5 20. Rxe8 Rxe8 21. Rxe8+ Nxe8 22. Qe3 Nf6 23. c3 Ne4 24. b4 Nxc5 25. Qxc5 Qh6 26. Qxa7 Qc1+ 27. Kh2 h6 28. Qe3 Qa3 29.
Qe8+ Kh7 30. Qxc6 Qxa2 31. Qc5 Be4 32. Qe3 Qb2 33. Nd4 g5 34. f3 Bg6 35. Nc6 Qc2 36. Ne5 Qb2 37. Nd7 Bf5 38. Nf6+ Kg6 39. Nxd5 Be6 40.
Qe4+ Kg7 41. Qe5+ Kh7 42. Nf6+ Kg6 43. Ne8 Qd2 44. Qf6+ Kh5 45. Ng7+ Kh4 46. Qxh6# 1-0

[Event "Late-Titled-Tuesday-Blitz-June-18-2024"]
[Site "Chess.com"]
[Date "2024.06.18"]
[Round "4"]
[White "KNVB"]
[Black "pompey831"]
[Result "1-0"]
[WhiteElo "2792"]
[BlackElo "2518"]
[TimeControl "180+1"]
[EndTime "14:40:50 PDT"]
[Termination "KNVB won by checkmate"]

1. d4 e6 2. Bf4 c5 3. e3 Ne7 4. c3 Ng6 5. Bg3 h5 6. h3 Qb6 7. Qb3 d5 8. Nd2 c4 9. Qxb6 axb6 10. Bxb8 Rxb8 11. a3 b5 12. h4 Bd7 13. Be2 Bc6 14.
Bd1 Ne7 15. Bc2 Nc8 16. Ngf3 f5 17. Ng5 Ke7 18. Ndf3 Nb6 19. Ne5 Kf6 20. f3 Bd6 21. e4 Be8 22. exf5 exf5 23. O-O-O Nd7 24. f4 Nf8 25.
Rhe1 Rc8 26. Re3 Rd8 27. Rde1 Rc8 28. Ng4+ hxg4 29. Re6+ Nxe6 30. Rxe6# 1-0

[Event "Late-Titled-Tuesday-Blitz-June-18-2024"]
[Site "Chess.com"]
[Date "2024.06.18"]
[Round "4"]
[White "kleber2007"]
[Black "randomo"]
[Result "1-0"]
[WhiteElo "2483"]
[BlackElo "2316"]
[TimeControl "180+1"]
[EndTime "14:40:50 PDT"]
[Termination "kleber2007 won by resignation"]

1. Nf3 d6 2. d4 g6 3. e4 Bg7 4. Bd3 c5 5. c3 cxd4 6. cxd4 Bg4 7. Be3 Nc6 8. Nbd2 Nf6 9. h3 Bxf3 10. Nxf3 O-O 11.
O-O d5 12. e5 Ne8 13. Rc1 Nc7 14. Nd2 Ne6 15. Nb3 a5 16. Bb1 a4 17. Nc5 Nxc5 18.
Rxc5 Qd7 19. Qd2 b6 20. Rc3 Na5 21. Bd3 Rfc8 22. Rfc1 Nc4 23. Bxc4 dxc4 24. Rxc4 Rxc4 25. Rxc4 Qd5 26. Qc2 f6 27. exf6 Bxf6 28. Rxa4 Rxa4 29. Qxa4 b5 30. Qa7 e5 31. Qb8+ Kg7 32. Qc7+ Kg8 33. Qc5 1-0

[Event "Late-Titled-Tuesday-Blitz-June-18-2024"]
[Site "Chess.com"]
[Date "2024.06.18"]
[Round "4"]
[White "Bykov_Egor"]
[Black "safikiet"]
[Result "1-0"]
[WhiteElo "2658"]
[BlackElo "2453"]
[TimeControl "180+1"]
[EndTime "14:40:51 PDT"]
[Termination "Bykov_Egor won by resignation"]

1. Nf3 d5 2. b3 c5 3. e3 Nc6 4. Bb5 Bd7 5. Bb2 Nf6 6. c4 e6 7. O-O Rc8 8. Nc3 a6 9. Bxc6 Bxc6 10. Ne5 Be7 11. f4 O-O 12. Qe2 d4 13.
exd4 cxd4 14. Nxc6 Rxc6 15. Ne4 d3 16. Qf3 Nxe4 17.
Qxe4 Bc5+ 18. Kh1 f5 19. Qe5 Qf6 20. Qxf6 gxf6 21. Rf3 Kf7 22. Rxd3 Rg8 23. g3 Ke7 24. Re1 Rd8 25. Rxd8 Kxd8 26. Bxf6+ Ke8 27. d4 Bb4 28.
Re2 Kf7 29. Be5 Rc8 30. Kg2 Rd8 31. Kf3 Bc3 32. Ke3 b5 33. Rc2 b4 34. a3 a5 35.
axb4 axb4 36. Ra2 Rd7 37. Ra8 Ra7 38. Rxa7+ 1-0

[Event "Late-Titled-Tuesday-Blitz-June-18-2024"]
[Site "Chess.com"]
[Date "2024.06.18"]
[Round "4"]
[White "AldokhinIvan"]
[Black "EvilMorty23"]
[Result "1-0"]
[WhiteElo "2641"]
[BlackElo "2329"]
[TimeControl "180+1"]
[EndTime "14:40:51 PDT"]
[Termination "AldokhinIvan won by checkmate"]

1. e4 e6 2. d4 d5 3. Nc3 Nf6 4. e5 Nfd7 5. f4 c5 6. Nf3 Nc6 7. Be3 a6 8. Qd2 b5 9. dxc5 Bxc5 10. Bd3 Qb6 11. Bxc5 Nxc5 12. Qf2 b4 13. Ne2 a5 14. O-O Ba6 15. Rad1 f6 16. exf6 gxf6 17. Kh1 Bxd3 18. cxd3 Kd7 19. b3 Rab8 20. Ned4 Na6 21. Nxc6 Kxc6 22.
Qh4 Rbf8 23. Rfe1 Kb7 24. d4 Rf7 25. Re2 Nc7 26. Rde1 Rg8 27. h3 Qc6 28. Qf2 Rfg7 29. g4 h5 30. g5 fxg5 31. fxg5 Rf8 32.
Qe3 Rf5 33. h4 Rgf7 34. Ne5 Rf1+ 35. Rxf1 Rxf1+ 36. Kg2 Qc1 37. Qxc1 Rxc1 38. g6 Ne8 39. Rf2 Kc7 40. Rf7+ Kd8 41. Rd7+ Kc8 42. Re7 Kd8 43. Rxe6 Rc2+ 44. Kf3 Rxa2 45. Rxe8+ Kxe8 46. g7 Rg2 47. Kxg2 Ke7 48. g8=Q Kd6 49. Qd8+ Ke6 50. Qd7+ Kf6 51.
Qf7# 1-0

[Event "Late-Titled-Tuesday-Blitz-June-18-2024"]
[Site "Chess.com"]
[Date "2024.06.18"]
[Round "4"]
[White "MathiasWomacka"]
[Black "PapaieDudu"]
[Result "1-0"]
[WhiteElo "2520"]
[BlackElo "2358"]
[TimeControl "180+1"]
[EndTime "14:40:53 PDT"]
[Termination "MathiasWomacka won by resignation"]

1. e4 c5 2. Nf3 d6 3. d4 cxd4 4. Nxd4 Nf6 5. Nc3 a6 6. Be2 e6 7. O-O Be7 8. f4 Nc6 9. Be3 Qc7 10. Kh1 O-O 11. Qe1 Re8 12. Qg3 b5 13. Nxc6 Qxc6 14.
e5 Nd5 15. Nxd5 exd5 16. Bd3 dxe5 17. fxe5 g6 18. Bg5 Qc5 19. Rf4 Bxg5 20. Qxg5 Be6 21.
h4 Qe3 22. h5 Ra7 23. hxg6 fxg6 24. Bxg6 Qxf4 25. Qxf4 hxg6 26. Rf1 Rf7 27. Qc1 Rh7+ 28. Kg1 Bf5 29. Qf4 Rc7 30. c3 Rc4 31. Qg5 Re4 32.
Rxf5 1-0

[Event "Late-Titled-Tuesday-Blitz-June-18-2024"]
[Site "Chess.com"]
[Date "2024.06.18"]
[Round "4"]
[White "tptagain"]
[Black "RantomOpening"]
[Result "1-0"]
[WhiteElo "2943"]
[BlackElo "2608"]
[TimeControl "180+1"]
[EndTime "14:40:54 PDT"]
[Termination "tptagain won by resignation"]

1. d4 d5 2. Nf3 e6 3. Bg5 Qd6 4. Nc3 Qb6 5. Rb1 Nf6 6. Bxf6 gxf6 7. e4 c6 8. Bd3 dxe4 9. Nxe4 Bg7 10. c3 Nd7 11. O-O O-O 12. Ng3 f5 13. Nh5 Nf6 14. Nxg7 Kxg7 15. Qd2 h6 16. Rfe1 c5 17. d5 exd5 18. Nh4 Ne4 19. Qf4 Qf6 20. f3 Qg5 21. Qe5+ Qf6 22. Qf4 Qg5 23. Qxg5+ hxg5 24. Nxf5+ Bxf5 25. fxe4 Bg6 26. Rbd1 Rfe8 27. e5 Rad8 28. Bb5 Re7 29. Bc4 Red7 30. Be2 Be4 31. Bg4 Re7 32. Rxe4 dxe4 33. Rxd8 Rxe5 34. Rd7 Kg6 35. Kf2 f5 36. Be2 f4 37. a4 e3+ 38. Kf3 b6 39. Rxa7 Rd5 40. Ra6 Rd2 41. Rxb6+ Kf5 42. h3 Rd8 43. a5 Rh8 44. a6 Rh4 45. a7 g4+ 46. hxg4+ Rxg4 47.
Bd3+ 1-0

[Event "Late-Titled-Tuesday-Blitz-June-18-2024"]
[Site "Chess.com"]
[Date "2024.06.18"]
[Round "4"]
[White "Dolphin_2010"]
[Black "Annawel"]
[Result "0-1"]
[WhiteElo "2788"]
[BlackElo "3079"]
[TimeControl "180+1"]
[EndTime "14:40:55 PDT"]
[Termination "Annawel won by resignation"]

1. d4 Nf6 2. Bg5 d5 3. Bxf6 gxf6 4. e3 c5 5. dxc5 e6 6. Nf3 Bxc5 7. c4 dxc4 8. Qxd8+ Kxd8 9. Bxc4 Ke7 10. Nc3 Bd7 11.
O-O Bc6 12. Bb5 Bxf3 13. gxf3 a6 14. Be2 Nd7 15. f4 Rhg8+ 16. Kh1 Rac8 17. Bf3 Rc7 18. Rac1 f5 19. a3 b5 20. Rg1 Rgc8 21. Ne2 Nb6 22.
b4 Bd6 23. Rxc7+ Rxc7 24. Nd4 Nc4 25. Rg8 Nxa3 26. Nc6+ Kf6 27. Rd8 Be7 28. Ra8 Nc2 29.
Rxa6 Nxb4 30. Nxb4 Bxb4 31. Bc6 Be1 32. Bxb5 Bxf2 33.
Ra3 Rc2 34. Bd3 Rc1+ 35. Kg2 Bxe3 36. Bxf5 Bc5 0-1

[Event "Late-Titled-Tuesday-Blitz-June-18-2024"]
[Site "Chess.com"]
[Date "2024.06.18"]
[Round "4"]
[White "Malev212"]
[Black "SilverCityIndigo"]
[Result "1-0"]
[WhiteElo "2627"]
[BlackElo "2401"]
[TimeControl "180+1"]
[EndTime "14:40:55 PDT"]
[Termination "Malev212 won on time"]

1. e4 Na6 2. d4 c6 3. Nc3 Nc7 4. f4 d5 5. e5 h5 6. Nf3 Bg4 7. Be3 Nh6 8. h3 Nf5 9. Bf2 Bxf3 10. Qxf3 h4 11. Bd3 e6 12. O-O g6 13. Ne2 Be7 14.
b3 a5 15. c4 a4 16. c5 a3 17.
b4 Kd7 18. Nc3 Na6 19. Rab1 b5 20. Nxb5 cxb5 21. Bxb5+ Kc7 22. Qxa3 Kb7 23. c6+ Kb8 24. Bxa6 Qb6 25. c7+ Kxc7 26. Qc3+ Kd7 27. b5 Rhc8 28. Bxc8+ Rxc8 29. Qd2 Ng3 30. Bxg3 hxg3 31. Rfc1 Rxc1+ 32. Rxc1 Qxb5 33. Qc3 Bd8 34. Qxg3 Qb2 35. Qc3 Qxa2 36. Qc6+ Ke7 37. Qd6+ Ke8 38. Rc8 Qa1+ 39. Kh2 Qa5 40. f5 gxf5 41. h4 f6 42. Qxe6+ Kf8 43. Qxf6+ Ke8 44. h5 1-0

[Event "Late-Titled-Tuesday-Blitz-June-18-2024"]
[Site "Chess.com"]
[Date "2024.06.18"]
[Round "4"]
[White "ChessWarrior7197"]
[Black "LUISMIGUELOV"]
[Result "1-0"]
[WhiteElo "3150"]
[BlackElo "2200"]
[TimeControl "180+1"]
[EndTime "14:40:57 PDT"]
[Termination "ChessWarrior7197 won by resignation"]

1. a3 d5 2. d4 c6 3. Nf3 Bf5 4. Nh4 Bg4 5. h3 Bh5 6. g4 e6 7. Nf3 Bg6 8. Bg2 Nf6 9. Ne5 Nbd7 10.
Nxg6 hxg6 11. c4 Bd6 12. Nc3 a5 13. Qd3 Qe7 14. Bd2 a4 15. e4 dxe4 16. Nxe4 Nxe4 17. Qxe4 Nf6 18. Qe2 O-O 19. O-O Bc7 20. Bb4 Bd6 21. Bc3 Rfd8 22. Rad1 Bc7 23. Rfe1 Qd6 24. Kf1 Ba5 25. Qd2 Bxc3 26. Qxc3 Qf4 27. Qe3 Qd6 28. Bf3 Ra5 29. Kg2 Nh7 30. h4 g5 31. h5 Nf6 32. Re2 b5 33. Qxg5 Qc7 34. h6 Ne8 35. hxg7 bxc4 36. Qh6 Nxg7 37. Rh1 f5 38. g5 Qf4 39. Qh8+ Kf7 40. Qxd8 Qxg5+ 41. Qxg5 1-0

[Event "Late-Titled-Tuesday-Blitz-June-18-2024"]
[Site "Chess.com"]
[Date "2024.06.18"]
[Round "4"]
[White "A4RookA3"]
[Black "traviscottofficial"]
[Result "0-1"]
[WhiteElo "2425"]
[BlackElo "2760"]
[TimeControl "180+1"]
[EndTime "14:40:57 PDT"]
[Termination "traviscottofficial won on time"]

1. d4 a6 2. e4 e6 3. Nc3 b5 4.
Bd3 Bb7 5. Nf3 Nf6 6. e5 Nd5 7. Nxd5 Bxd5 8. O-O c5 9. Qe2 cxd4 10. Nxd4 Nc6 11.
Nxc6 Bxc6 12. Be4 Qc7 13. Bxc6 dxc6 14. Bf4 Bc5 15. Rfd1 O-O 16. Qe4 Rfd8 17. Be3 Bxe3 18. Qxe3 Rd5 19. Rxd5 cxd5 20. c3 Qc4 21. a3 h6 22. Rd1 Rc8 23. Rd4 Qa2 24. Qc1 Rc4 25.
Rxc4 Qxc4 26. Qd2 Qe4 27. f4 Kf8 28. Kf2 Ke8 29. Qe3 Qc2+ 30. Qe2 Qb3 31. h3 Kd7 32.
Kg1 Kc6 33. Kh2 Qc4 34. Qf2 Qe4 35. g3 d4 36. cxd4 Kd5 37. h4 Qxd4 38. Qc2 g6 39.
Qc7 Ke4 40. Qc6+ Ke3 0-1

[Event "Late-Titled-Tuesday-Blitz-June-18-2024"]
[Site "Chess.com"]
[Date "2024.06.18"]
[Round "4"]
[White "Hrant_ChessMood"]
[Black "MagnusCarlsen"]
[Result "0-1"]
[WhiteElo "2894"]
[BlackElo "3193"]
[TimeControl "180+1"]
[EndTime "14:40:58 PDT"]
[Termination "MagnusCarlsen won by resignation"]

1. c4 e5 2. g3 Nf6 3. Bg2 h6 4. d3 c6 5. Nf3 Bd6 6. O-O O-O 7.
Nc3 Bc7 8. e4 d6 9. d4 Nbd7 10.
h3 Re8 11. Be3 a5 12. d5 Bb6 13. Re1 Bxe3 14. Rxe3 Nc5 15. b3 cxd5 16. exd5 Bf5 17. Nd2 Qd7 18. Kh2 e4 19. Nf1 Re5 20. Nb5 Rae8 21.
Nd4 Bg6 22. Qd2 Rh5 23. Kg1 Rxh3 24. Bxh3 Qxh3 25. g4 Qxg4+ 26. Rg3 Qh4 27. Ne3 Nh5 28. Ng2 Qf6 29. Re3 Nd3 30. Nc2 Re5 31. Rf1 Rg5 32. Kh1 Ng3+ 33. fxg3 Qxf1+ 34. Kh2 Ne5 0-1

[Event "Late-Titled-Tuesday-Blitz-June-18-2024"]
[Site "Chess.com"]
[Date "2024.06.18"]
[Round "4"]
[White "Andrii_Prydun"]
[Black "mightysmasher"]
[Result "0-1"]
[WhiteElo "2360"]
[BlackElo "2522"]
[TimeControl "180+1"]
[EndTime "14:40:59 PDT"]
[Termination "mightysmasher won on time"]

1. e4 e6 2. Qe2 Nf6 3. Nc3 Be7 4.
g4 d5 5. d3 dxe4 6. dxe4 Nc6 7.
Be3 e5 8. h3 Nd4 9. Qd2 c5 10.
Bg2 O-O 11. Nge2 b5 12. Ng3 b4 13. Nd5 Nxd5 14. exd5 Bb7 15. c3 bxc3 16. bxc3 Nb5 17. Nf5 g6 18. Nh6+ Kg7 19. g5 Nd6 20. h4 Nc4 21.
Qd3 Nxe3 22. fxe3 Qd6 23. e4 c4 24. Qf3 Qb6 25. h5 Bxg5 26. Ng4 Qb2 27. Rd1 f5 28.
hxg6 fxg4 29. Rxh7+ Kxg6 0-1

[Event "Late-Titled-Tuesday-Blitz-June-18-2024"]
[Site "Chess.com"]
[Date "2024.06.18"]
[Round "4"]
[White "Mikayel99"]
[Black "Dexter_Dyke"]
[Result "1/2-1/2"]
[WhiteElo "2661"]
[BlackElo "2510"]
[TimeControl "180+1"]
[EndTime "14:41:02 PDT"]
[Termination "Game drawn by repetition"]

1. e4 e6 2. d4 a6 3. e5 d6 4. Nf3 dxe5 5. Nxe5 Nf6 6. c3 c5 7. Bd3 cxd4 8. cxd4 Bb4+ 9. Bd2 Bxd2+ 10. Qxd2 O-O 11. O-O Bd7 12. Nxd7 Qxd7 13. Nc3 Nc6 14. Rad1 Rfd8 15. Bb1 Nxd4 16. Qe3 Qd6 17. Rd3 e5 18. Rfd1 Re8 19. h3 Qb4 20. Ne4 Nxe4 21. Qxe4 f5 22. Qd5+ Kh8 23. Rxd4 exd4 24. Qxf5 Re1+ 25. Kh2 Qd6+ 26. g3 g6 27. Qd3 Rxd1 28. Qxd1 d3 29. Bxd3 Rd8 30.
Qf3 Qxd3 31. Qf6+ Kg8 32. Qe6+ Kf8 33. Qf6+ Kg8 34. Qe6+ Kg7 35. Qe7+ Kh6 36. Qh4+ Kg7 37. Qe7+ Kh8 38. Qf6+ Kg8 1/2-1/2

[Event "Late-Titled-Tuesday-Blitz-June-18-2024"]
[Site "Chess.com"]
[Date "2024.06.18"]
[Round "4"]
[White "InadaC"]
[Black "Schattman"]
[Result "1-0"]
[WhiteElo "2261"]
[BlackElo "2461"]
[TimeControl "180+1"]
[EndTime "14:41:03 PDT"]
[Termination "InadaC won on time"]

1. Nf3 Nf6 2. b3 e6 3. Bb2 d5 4. g3 Be7 5. Bg2 O-O 6. O-O b6 7.
d4 Bb7 8. e3 c5 9. Nbd2 Nbd7 10.
Re1 Rc8 11. c4 cxd4 12. exd4 dxc4 13. Nxc4 Nd5 14. a3 b5 15. Nce5 N7f6 16. h4 Qb6 17. b4 Nc3 18. Qd3 Na4 19. Bc1 Rc3 20. Qd1 Rd8 21. Be3 h6 22. Rc1 Rdc8 23. Rxc3 Rxc3 24. d5 Rxe3 25. Rxe3 Nxd5 26. Re1 Bf6 27. Nd7 Qd8 28.
Nxf6+ Qxf6 29. Qd4 Qe7 30. Qxa7 Qc7 31. Nd4 Qc3 32.
Rf1 Bc8 33. Nxb5 Qc2 34. Nd6 Kh7 35. Be4+ 1-0

[Event "Late-Titled-Tuesday-Blitz-June-18-2024"]
[Site "Chess.com"]
[Date "2024.06.18"]
[Round "4"]
[White "CombativeWombat"]
[Black "King_Deded4d5"]
[Result "0-1"]
[WhiteElo "2297"]
[BlackElo "2481"]
[TimeControl "180+1"]
[EndTime "14:41:09 PDT"]
[Termination "King_Deded4d5 won by resignation"]

1. e4 e6 2. d4 d5 3. Nd2 c5 4. Ngf3 cxd4 5. Nxd4 Nc6 6. Bb5 Bd7 7. Nxc6 bxc6 8.
Bd3 Ne7 9. Ke2 Ng6 10. Nf3 Qc7 11. Re1 dxe4 12. Bxe4 f5 13. Bd3 Be7 14. Kf1 O-O 15.
Bc4 Rae8 16. Bxe6+ Bxe6 17. Rxe6 Bc5 18. Qe2 Qd7 19.
Rxe8 Rxe8 20. Qc4+ Kh8 21. Bd2 Ne5 22. Qxc5 Nxf3 23.
gxf3 Qxd2 24. Kg2 h6 25. Qxf5 Re2 26. Qf8+ Kh7 27. Qf5+ Kh8 28. Rf1 Qxc2 29. Qxc2 Rxc2 30. Rb1 g5 31. f4 gxf4 32. Kf3 Kg7 33. h4 Kf6 34.
Kxf4 Rxf2+ 35. Kg3 Rc2 36. Rf1+ Ke5 37. Rf7 Rxb2 38.
Rxa7 c5 39. a4 c4 40. a5 c3 41. a6 Ra2 42. Rc7 Kd4 43. a7 Kd3 44. Kg4 c2 45.
Kh5 Rxa7 46. Rc6 Ra4 47. Kxh6 Rc4 0-1

[Event "Late-Titled-Tuesday-Blitz-June-18-2024"]
[Site "Chess.com"]
[Date "2024.06.18"]
[Round "4"]
[White "baki83"]
[Black "ChristopherYoo"]
[Result "1/2-1/2"]
[WhiteElo "2815"]
[BlackElo "3002"]
[TimeControl "180+1"]
[EndTime "14:41:10 PDT"]
[Termination "Game drawn by repetition"]

1. e4 e5 2. Nf3 Nc6 3. Bb5 a6 4. Ba4 d6 5. O-O Bg4 6. h3 h5 7.
Bxc6+ bxc6 8. d4 Qf6 9. dxe5 dxe5 10. Be3 Bxf3 11. Qxf3 Qxf3 12. gxf3 f6 13. Nd2 g5 14.
Nc4 Ne7 15. Rfd1 Ng6 16. Kf1 a5 17. a4 Bb4 18. Rd3 g4 19. hxg4 hxg4 20. Ke2 gxf3+ 21. Kxf3 Nf8 22. Rg1 Ne6 23. Ke2 Bc5 24. Bd2 Bb4 25. c3 Bc5 26. Rf3 Be7 27. Rfg3 Kf7 28. Be3 Rh4 29. Rg4 Rh3 30. R1g3 Rh1 31. Rg1 Rh3 32.
Rd1 Rhh8 33. Rdg1 Rh3 1/2-1/2

[Event "Late-Titled-Tuesday-Blitz-June-18-2024"]
[Site "Chess.com"]
[Date "2024.06.18"]
[Round "4"]
[White "chessforme17"]
[Black "JEHUBNER"]
[Result "1-0"]
[WhiteElo "2334"]
[BlackElo "2093"]
[TimeControl "180+1"]
[EndTime "14:41:10 PDT"]
[Termination "chessforme17 won by resignation"]

1. Nf3 Nf6 2. b3 c5 3. Bb2 Nc6 4. e3 d5 5. Bb5 Bd7 6. O-O a6 7. Bxc6 Bxc6 8. d3 e6 9. Ne5 Qc7 10. f4 Bd6 11. Nd2 Nd7 12. Ndf3 O-O 13. Qe1 f6 14. Ng4 Rae8 15. Qh4 e5 16. fxe5 fxe5 17.
Ng5 h6 18. Nxh6+ gxh6 19. Qxh6 Nb8 20. Ne6 Rxf1+ 21. Rxf1 Qh7 22. Qg5+ Kh8 23. Bxe5+ Bxe5 24. Qxe5+ Kg8 25. Qg5+ Kh8 26. Rf6 Rg8 27. Qe5 Nd7 28. Qa1 Nxf6 29. Qxf6+ Rg7 30. Qd8+ Qg8 31. Qh4+ Qh7 32. Qf6 Bd7 33. Nf8 Qg8 34. Qh6+ Rh7 35. Qf6+ Rg7 36. Ng6+ Kh7 37. Nf4 Rg6 38. Qe5 Qg7 39.
Qxd5 Rh6 40. g3 Be8 41. Qxc5 Bf7 42. e4 Bg6 43. e5 Qe7 44. Qxe7+ 1-0

[Event "Late-Titled-Tuesday-Blitz-June-18-2024"]
[Site "Chess.com"]
[Date "2024.06.18"]
[Round "4"]
[White "artin10862"]
[Black "chesselephant"]
[Result "1-0"]
[WhiteElo "2941"]
[BlackElo "2572"]
[TimeControl "180+1"]
[EndTime "14:41:12 PDT"]
[Termination "artin10862 won on time"]

1. e4 e5 2. Bc4 Nf6 3. d3 Be7 4. Nf3 Nc6 5. O-O O-O 6. c3 d6 7. Nbd2 Na5 8. Bb5 a6 9. Ba4 b5 10. Bc2 c5 11. Re1 Nc6 12. Nf1 Qc7 13. Ng3 Bd7 14. h3 Rfd8 15. Be3 b4 16. c4 Nd4 17.
Nxd4 cxd4 18. Bd2 a5 19. Ba4 Be6 20. f4 Bc8 21. Rf1 Nd7 22. Bxd7 Bxd7 23. f5 f6 24. Nh1 Be8 25. g4 Rdb8 26. h4 Qd8 27. Rf2 Rb7 28. Rg2 a4 29. Rc1 Bc6 30. g5 a3 31. b3 Rab8 32.
Nf2 Be8 33. Kh2 1-0